 Dungeon Crawl Stone Soup version 0.31-a0-145-g046c7d2549 (webtiles) character file.

Game seed: 7251950563072479269

142 hikkokomori the Digger (level 4, 0/37 HPs)
             Began as a Demigod Earth Elementalist on June 7, 2023.
             Slain by a phantom (7 damage)
             ... on level 3 of the Dungeon.
             The game lasted 00:05:47 (2270 turns).

hikkokomori the Digger (Demigod Earth Elementalist) Turns: 2270, Time: 00:05:48

Health: 0/37       AC:  2    Str:  9    XL:     4   Next: 75%
Magic:  1/10       EV: 12    Int: 21    God:
Gold:   123        SH:  0    Dex: 20    Spells: 1/7 levels left

rFire   . . .        k - +0 morningstar
rCold   . . .        (no shield)
rNeg    . . .        a - +0 robe
rPois   .            (no helmet)
rElec   .            (no cloak)
rCorr   .            (no gloves)
SInv    .            (no boots)
Will    .....        (no amulet)
Stlth   ++           e - +6 ring of dexterity
HPRegen 0.26/turn    (no ring)
MPRegen 0.12/turn

%: no passive effects
@: no status effects
A: high MP 1, forlorn, divine attributes
a: no special abilities


You were on level 3 of the Dungeon.
You visited 1 branch of the dungeon, and saw 3 of its levels.

You collected 123 gold pieces.

Inventory:

Hand Weapons
 c - a +2 antimagic spear
 k - a +0 morningstar (weapon)
Armour
 a - a +0 robe (worn)
Jewellery
 e - a +6 ring of dexterity (left hand)
Wands
 j - a wand of roots (9)
Scrolls
 d - 2 scrolls of fog
 g - a scroll of immolation {unknown}
 h - 4 scrolls of identify
 l - a scroll of teleportation {unknown}
 n - a scroll of amnesia {unknown}
Potions
 b - 4 potions of magic
 f - a potion of resistance
 m - a potion of enlightenment {unknown}


   Skills:
 + Level 2.3 Fighting
 - Level 1.7 Dodging
 - Level 1.7 Stealth
 - Level 2.3 Spellcasting
 + Level 1.4 Conjurations
 - Level 0.8 Transmutations
 + Level 3.7 Earth Magic


You had one spell level left.
You knew the following spells:

 Your Spells              Type           Power      Damage    Failure   Level
a - Sandblast             Erth           36%        2d10      3%          1
b - Passwall              Tmut/Erth      10%        N/A       9%          2
c - Stone Arrow           Conj/Erth      26%        3d8       14%         3

Your spell library contained the following spells:

 Spells                   Type           Power      Damage    Failure   Level
 Call Canine Familiar     Summ           2%         N/A       38%         3
 Portal Projectile        Hex/Tloc       4%         N/A       38%         3
 Petrify                  Tmut/Erth      12%        N/A       50%         4
 Leda's Liquefaction      Hex/Erth       5%         N/A       54%         4
 Chain Lightning          Conj/Air       2%         3d3       100%        9
 Fire Storm               Conj/Fire      2%         8d1       100%        9
 Shatter                  Erth           9%         3d11*     100%        9


Dungeon Overview and Level Annotations

Branches:
Dungeon (3/15)


Innate Abilities, Weirdness & Mutations

You have an increased reservoir of magic. (+10% MP)
You shall have no god before yourself.
Your divine heritage dramatically boosts your attributes as you level up.


Message History

* * * LOW HITPOINT WARNING * * *
Unknown command.
You thump the orc!
You kill the orc!
The orc barely misses you.
Unknown command.
You hit the orc but do no damage. The orc barely misses you.
Unknown command.
You barely miss the orc. The orc closely misses you. The orc misses you.
You hit the orc.
The orc is severely wounded.
The orc hits you with a +0 club.
* * * LOW HITPOINT WARNING * * *
You hit the orc.
The orc is almost dead.
The orc hits you with a +0 club.
* * * LOW HITPOINT WARNING * * *
The orc misses you.
You puncture the orc!
You kill the orc!
Casting: Sandblast (safe; 3% risk of failure)
Confirm with . or Enter, or press ? or * to list all spells.
Aiming: Sandblast (safe; 3% risk of failure)
Press: ? - help, Shift-Dir - straight line, f/p - phantom
Aim: a phantom (moderately damaged, 75% to hit)
The blast of sand hits the phantom.
The phantom is heavily damaged.
The phantom hits you but does no damage.
The phantom hits you.
* * * LOW HITPOINT WARNING * * *
The phantom blinks!
You blink.
Casting: Sandblast (safe; 3% risk of failure)
Confirm with . or Enter, or press ? or * to list all spells.
Aiming: Sandblast (safe; 3% risk of failure)
Press: ? - help, Shift-Dir - straight line, f/p - phantom
Aim: a phantom (heavily damaged, 75% to hit)
The blast of sand hits the phantom!
The phantom is almost destroyed.
The phantom hits you!
You die...

#
#...##.##.##.....#######.#
# #...##.##.##.....# #.#
#<.....##.##.....#######.#
#.#.##.##.##..........##.#
#......##.##....†####.##.#
###.......###.......#.##.#
..#######
#....##.#.##.####
##########.##.#.##....#
.......@.#...........##
########W#.#####.###.#
#.#.# #.# .# #...# #.. .#
#.#.# #... . #)#.# #.... .
#§#.$ ...### ###.#### ....
#.....#


You could see a phantom.

Vanquished Creatures
  An orc wizard (D:3)
  A gnoll (D:1)
  2 adders (D:2)
  A worm (D:3)
  2 dart slugs
  4 orcs (D:3)
  7 ball pythons
  5 bats
  9 endoplasms
  5 giant cockroaches
  11 goblins
  5 hobgoblins
  5 kobolds
  2 quokkas
  5 frilled lizards
  10 rats
75 creatures vanquished.

Notes
Turn   | Place    | Note
-------+----------+-------------------------------------------
     0 | D:1      | hikkokomori the Demigod Earth Elementalist began the quest
                  | for the Orb.
     0 | D:1      | Reached XP level 1. HP: 14/14 MP: 5/5
   206 | D:1      | Reached XP level 2. HP: 15/22 MP: 5/7
   273 | D:1      | HP: 1/22 [gnoll/+2 antimagic spear (3)]
   276 | D:1      | Reached skill level 1 in Fighting
   276 | D:1      | Reached skill level 3 in Earth Magic
   666 | D:1      | Reached XP level 3. HP: 22/28 MP: 5/9
   975 | D:1      | Learned a level 2 spell: Passwall
   979 | D:1      | Learned a level 3 spell: Stone Arrow
  1540 | D:2      | Reached XP level 4. HP: 36/36 MP: 2/10
  1554 | D:2      | Reached skill level 1 in Conjurations
  2199 | D:3      | Noticed a phantom
  2270 | D:3      | Slain by a phantom

Illustrated notes

Levels and vault maps discovered:
D:1:      dpeg_arrival_chambers_temple_mockup, layout_rooms, minmay_pentomino_q4
D:2:      layout_basic, serial_forest, infiniplex_forest_join,
          infiniplex_forest_clump_cross, infiniplex_forest_lined_ring,
          infiniplex_forest_lined_corner, infiniplex_forest_straight_2,
          infiniplex_forest_lined_room_, infiniplex_forest_clump_double,
          infiniplex_forest_clump_curved, infiniplex_forest_clump_small,
          infiniplex_forest_lined_3, minmay_circle_x
D:3:      layout_loops_cross, makhleb_altar_promises_db,
          minmay_tree_intersection, uniq_crazy_yiuf_cottage

Skill      XL: |  1  2  3  4 |
---------------+-------------+-----
Spellcasting   | 2 |  2.3
Fighting       | 1 2 |  2.3
Earth Magic    | 3 |  3.7
Conjurations   | 1 |  1.4
Dodging        | |  1.7
Stealth        | |  1.7
Transmutations | |  0.8

Action                     |  1- 3 |  4- 6 || total
---------------------------+-------+-------++-------
  Melee: Unarmed           |     7 |       ||     7
         Spear             |    13 |    56 ||    69
         Punch             |     1 |       ||     1
         Morningstar       |       |    10 ||    10
   Cast: Sandblast         |    63 |    16 ||    79
    Use: Scroll            |       |     3 ||     3
         Potion            |       |     1 ||     1
   Stab: Sleeping          |       |     3 ||     3
         Distracted        |       |     1 ||     1
 Armour: Robe              |    10 |    11 ||    21
  Dodge: Dodged            |    39 |    41 ||    80

Table legend: (Time is in decaauts)
 A = Elapsed time spent in this place.
 B = Non-inter-level travel time spent in this place.
 C = Inter-level travel time spent in this place.
 D = Time resting spent in this place.
 E = Time spent auto-exploring this place.
 F = Levels seen in this place.
 G = Mean time per level.
                   A        B        C        D        E       F      G
               +--------+--------+--------+--------+--------+-----+--------+
         Total |   2318 |   2263 |     55 |    126 |   1654 |   3 |  772.7 |
       Dungeon |   2318 |   2263 |     55 |    126 |   1654 |   3 |  772.7 |
               +--------+--------+--------+--------+--------+-----+--------+

Top non-repeatable levels by time:
     D:1: 1026 daAuts
     D:2: 899 daAuts
     D:3: 392 daAuts
